 Dungeon Crawl Stone Soup version 0.29.1-2-gbd0b4ee654 (webtiles) character file.

Game seed: 16454436723477109413

4 hawla the Chiller (level 1, -1/14 HPs)
             Began as a Meteoran Ice Elementalist on Nov 13, 2022.
             Slain by a quokka (2 damage)
             ... on level 1 of the Dungeon.
             The game lasted 00:00:34 (128 turns).

hawla the Chiller (Meteoran Ice Elementalist)        Turns: 128, Time: 00:00:34

Health: -1/14      AC:  2    Str:  7 (9)  XL:     1   Next: 85%
Magic:  4/5        EV: 12    Int: 14 (16) God:
Gold:   15         SH:  0    Dex: 13 (14) Spells: 4/5 levels left

rFire   . . .      SeeInvis .   (no weapon)
rCold   . . .      Faith    .   (no shield)
rNeg    . . .      Spirit   .   a - +0 robe
rPois   .          Reflect  .   (no helmet)
rElec   .          Harm     .   (no cloak)
rCorr   .          Rampage  .   (no gloves)
Will    .....                   (no boots)
Stlth   +.........              (no amulet)
HPRegen 0.04/turn               (no ring)
MPRegen 0.09/turn               (no ring)

@: glowing
A: sense surroundings 1, otherworldly, glowing, explore regen
a: no special abilities


You were on level 1 of the Dungeon.
You visited 1 branch of the dungeon, and saw 1 of its levels.

You collected 15 gold pieces.

Inventory:

Armour
 a - a +0 robe (worn)
Scrolls
 e - a scroll of enchant armour {unknown}
Potions
 b - a potion of magic
 d - a potion of degeneration


   Skills:
 + Level 2.4 Dodging
 + Level 1.4 Stealth
 + Level 2.8 Spellcasting
 + Level 4.5 Ice Magic


You had 4 spell levels left.
You knew the following spells:

 Your Spells              Type           Power      Damage    Failure   Level
a - Freeze                Ice            56%        1d7       3%          1

Your spell library contained the following spells:

 Spells                   Type           Power      Damage    Failure   Level
 Frozen Ramparts          Ice            28%        1d5       10%         3
 Ozocubu's Armour         Ice            14%        N/A       10%         3
 Hailstorm                Conj/Ice       8%         3d4       65%         4


Dungeon Overview and Level Annotations

Branches:
Dungeon (1/15) Zot: 471

Altars:


Innate Abilities, Weirdness & Mutations

You passively map a small area around you.
You are easily found by Zot.
You glow in the dark.
You regain HP and MP as you explore.


Message History

You are too injured to fight recklessly!
You are too injured to fight recklessly!
You are too injured to fight recklessly!
A frilled lizard comes into view.
The frilled lizard hisses angrily.
A hobgoblin comes into view.
The hobgoblin shouts!
The quokka attacks as you move away! The quokka closely misses you.
The quokka bites you. The quokka attacks as you move away!
The quokka closely misses you.
A ball python comes into view.
The quokka twitches its whiskers.
The ball python barely misses you. The ball python grabs you.
The ball python constricts you.
You escape the ball python's grasp.
Casting: Freeze (safe; 3% risk of failure)
Confirm with . or Enter, or press ? or * to list all spells.
Aiming: Freeze (safe; 3% risk of failure)
Press: ? - help, Shift-Dir - straight line, f - quokka
Aim: a quokka You freeze the quokka.
The quokka is moderately wounded.
The ball python misses you. The ball python grabs you.
The ball python constricts you. The quokka bites you.
The ball python bites you but does no damage.
The ball python constricts you.
* * * LOW HITPOINT WARNING * * *
The quokka bites you.
* * * LOW HITPOINT WARNING * * *
You escape the ball python's grasp.
A jackal comes into view.
It was a potion of degeneration.
There was something very wrong with that liquid.
You feel weakened.
You feel dopey.
You feel clumsy. The quokka misses you.
As you read the scroll labelled CAKHORA WUH QYLIT, it crumbles to dust.
You feel a surge of unholy energy.
The quokka convulses!
The hobgoblin convulses!
The jackal convulses!
The ball python convulses!
It was a scroll of torment.
The quokka bites you.
You die...

..#..............#
#...#............# *
##..##......######* *
#..##......# .##......# *
* ** * # #####.### , * #.
#.############.#
##..#####..)...l........,
,
............g.Sr@>..h...
....##########.##.#....#
### ** * **#.# .#, ..#,*
* ,, , ... .. , ,# , , ,,
....#.## * * * .....#.. .
* ......#.. * .,
.......#..* .. ,


You could see a quokka, a jackal, a hobgoblin, a ball python and a frilled
lizard.

Vanquished Creatures
  A goblin (D:1)
  A hobgoblin (D:1)
  A kobold (D:1)
  A rat (D:1)
4 creatures vanquished.

Notes
Turn   | Place    | Note
-------+----------+-------------------------------------------
     0 | D:1      | hawla the Meteoran Ice Elementalist began the quest for the
                  | Orb.
     0 | D:1      | Reached XP level 1. HP: 14/14 MP: 5/5
   128 | D:1      | Slain by a quokka

Illustrated notes

Levels and vault maps discovered:
D:1:      minmay_arrival_diagonal_passages, layout_basic

Action                   || total
-------------------------++-------
Melee: Unarmed           ||     2
 Cast: Freeze            ||     7
  Use: Scroll            ||     1
       Potion            ||     1
Armor: Robe              ||     3
Dodge: Dodged            ||     7
